AoeStats
← Malcolm Little

Black Forest

507191513Analyzed
4v4 RM · 15d ago on Sep 17, 2026· 72m 59s· 8 players
Game mode
Random Map
Map size
Large (8 player)
Population
200
Speed
Normal
Resources
Standard
Victory
Conquest
Starting age
Dark Age
Ending age
Imperial Age
RankedLock teamsTeams togetherTeam positionsShared explorationLock speedFull tech treeHidden civsTurbo modeCheats
Victory
Defeat
🇩🇴 Celts · Dominican Republic
1328
+17
🇲🇽 Bohemians · Mexico
1322
+17
🇲🇽 Portuguese · Mexico
1290
+18
🇪🇨 Persians · Ecuador
1265
+19
🇨🇱 Vietnamese · Chile
1378
-20
🇲🇽 Franks · Mexico
1331
-17
🇪🇨 Saracens · Ecuador
1329
-17
🇷🇺 Britons · Russia
1311
-17
FOX
0:54 Loom
11:59 Feudal Age
16:40 Castle Age
14:46 Double-Bit Axe
14:45 Horse Collar
17:45 Bow Saw
23:50 Stone Mining
25:07 Wheelbarrow
25:22 Town Watch
25:42 Gold Mining
26:52 Hand Cart
28:13 Heavy Plow
29:20 Stone Shaft Mining
31:58 Imperial Age
33:01 Conscription
33:44 Chemistry
32:11 Elite Organ Gun
34:23 Two-Man Saw
34:35 Crop Rotation
34:10 Arquebus
36:53 Ballistics
39:25 Fletching
41:28 Town Patrol
42:08 Coinage
47:04 Siege Engineers
56:33 Bodkin Arrow
56:39 Padded Archer Armor
64:57 Bracer
cquonck
12:13 Feudal Age
12:39 Double-Bit Axe
12:39 Fishing Lines
13:52 Loom
17:43 Castle Age
18:26 Wheelbarrow
19:12 Bow Saw
26:54 Imperial Age
24:26 Gillnets
24:26 Horse Collar
25:30 Fervor
26:49 Chemistry
27:08 Hand Cart
28:21 Pikeman
29:02 Squires
30:36 Two-Man Saw
30:17 Treadmill Crane
30:48 Masonry
31:19 Conscription
31:01 Scale Mail Armor
31:12 Forging
30:56 Halberdier
32:42 Chain Mail Armor
33:02 Iron Casting
32:28 Padded Archer Armor
33:21 Sanctity
33:45 Arson
36:20 Plate Mail Armor
36:50 Blast Furnace
36:07 Leather Archer Armor
36:46 Heavy Plow
39:14 Elite Skirmisher
39:47 Fletching
40:23 Ballistics
40:37 Bodkin Arrow
41:13 Ring Archer Armor
42:20 Bracer
45:47 Coinage
46:50 Architecture
49:04 Banking
59:37 Caravan
60:42 Houfnice
65:53 Siege Engineers
Malcolm Little
3:33 Loom
15:17 Feudal Age
17:23 Double-Bit Axe
20:43 Castle Age
19:16 Padded Archer Armor
20:57 Fletching
21:28 Bodkin Arrow
21:49 Fishing Lines
24:28 Wheelbarrow
24:14 Leather Archer Armor
25:28 Bow Saw
26:03 Elite Skirmisher
27:48 Pikeman
28:52 Ballistics
34:50 Forging
34:40 Scale Mail Armor
37:23 Imperial Age
38:08 Hand Cart
37:39 Town Watch
38:37 Ring Archer Armor
38:43 Iron Casting
39:31 Chemistry
38:43 Masonry
38:13 Treadmill Crane
44:19 Blast Furnace
43:36 Chain Mail Armor
43:10 Crossbowman
50:43 Town Patrol
52:48 Horse Collar
71:06 Caravan
71:53 Capped Ram
73:24 Plate Mail Armor
72:29 Siege Ram
[ECU] PALADINFRANCO
11:25 Feudal Age
15:51 Castle Age
14:41 Double-Bit Axe
17:40 Wheelbarrow
20:59 Horse Collar
23:56 Heavy Plow
25:44 Bow Saw
27:42 Hand Cart
27:51 Scale Barding Armor
27:39 Town Watch
27:40 Loom
30:29 Imperial Age
29:45 Chain Barding Armor
29:36 Forging
30:23 Gold Mining
30:26 Cavalier
31:29 Bloodlines
32:45 Two-Man Saw
32:18 Crop Rotation
32:30 Plate Barding Armor
32:32 Iron Casting
32:45 Husbandry
32:17 Savar
37:27 Blast Furnace
38:49 Light Cavalry
39:30 Heavy Camel Rider
42:08 Hussar
44:04 Town Patrol
Ars Radiophonik
5:30 Loom
10:47 Feudal Age
12:34 Feudal Age
16:19 Castle Age
16:18 Wheelbarrow
15:32 Double-Bit Axe
18:30 Loom
20:33 Bow Saw
20:27 Loom
20:30 Town Watch
24:10 Gold Mining
25:53 Scale Barding Armor
26:48 Gold Shaft Mining
29:39 Imperial Age
28:14 Chain Barding Armor
28:05 Forging
29:35 Hand Cart
29:48 Husbandry
30:25 Iron Casting
30:18 Cavalier
32:22 Plate Barding Armor
33:54 Blast Furnace
33:19 Chivalry
34:26 Caravan
35:04 Conscription
34:18 Paladin
35:16 Town Patrol
35:17 Light Cavalry
36:18 Stone Mining
72:05 Chemistry
Youtube Nimro7
11:33 Feudal Age
16:39 Castle Age
15:06 Double-Bit Axe
15:42 Loom
17:24 Wheelbarrow
17:43 Bow Saw
18:22 Horse Collar
21:48 Stone Mining
22:15 Fishing Lines
23:04 Gold Mining
24:31 Hand Cart
25:10 Heavy Plow
25:53 Gillnets
29:27 Imperial Age
27:02 Town Watch
27:19 Scale Mail Armor
27:29 Forging
27:42 Squires
27:29 Arson
28:46 Stone Shaft Mining
28:02 Pikeman
28:59 Chain Mail Armor
30:08 Iron Casting
29:39 Scale Barding Armor
29:45 Bloodlines
29:36 Husbandry
29:44 Chatras
29:40 Elite Fire Lancer
32:12 Plate Mail Armor
32:41 Chain Barding Armor
31:53 Light Cavalry
32:26 Halberdier
33:25 Caravan
34:41 Plate Barding Armor
35:35 Crop Rotation
38:28 Two-Man Saw
39:47 Coinage
40:22 Fortified Wall
40:33 Ballistics
39:54 Treadmill Crane
43:21 Banking
46:56 Elite Battle Elephant
57:57 Guard Tower
58:26 Fletching
59:08 Bodkin Arrow
70:42 Padded Archer Armor
72:23 Leather Archer Armor
73:11 Chemistry
72:14 Bracer
72:06 Elite Skirmisher
72:50 Imperial Skirmisher
Poeta Abatido
0:48 Loom
13:25 Feudal Age
16:59 Double-Bit Axe
22:18 Castle Age
20:51 Horse Collar
21:19 Fletching
23:05 Wheelbarrow
24:13 Bodkin Arrow
23:47 Crossbowman
35:14 Imperial Age
32:50 Padded Archer Armor
33:45 Hand Cart
33:15 Town Watch
35:51 Leather Archer Armor
36:50 Bracer
37:37 Ballistics
37:14 Murder Holes
49:35 Elite Skirmisher
50:49 Imperial Skirmisher
63:58 Pikeman
64:40 Scale Mail Armor
64:50 Forging
impossible
0:43 Loom
13:22 Feudal Age
17:58 Castle Age
16:30 Double-Bit Axe
16:40 Horse Collar
24:51 Wheelbarrow
31:30 Imperial Age
29:03 Fletching
28:54 Elite Skirmisher
29:37 Gold Mining
29:27 Crossbowman
30:11 Bodkin Arrow
31:47 Padded Archer Armor
33:11 Gold Shaft Mining
33:01 Arbalester
34:06 Bracer
34:50 Leather Archer Armor
34:58 Conscription
40:18 Chemistry
39:39 Ballistics
40:28 Ring Archer Armor
39:40 Treadmill Crane
40:11 Masonry
42:11 Yeomen
41:52 Warwolf
43:02 Forging
42:53 Scale Mail Armor
43:11 Siege Engineers
47:28 Bow Saw
47:19 Heavy Plow
47:11 Stone Mining
47:26 Imperial Skirmisher
50:48 Iron Casting
50:29 Chain Mail Armor
53:14 Blast Furnace
52:53 Hoardings
52:50 Architecture
52:16 Murder Holes
53:46 Elite Longbowman
59:19 Plate Mail Armor
59:39 Capped Ram
66:07 Squires
65:28 Pikeman
67:10 Two-Man Saw
67:57 Arson
69:08 Hand Cart
Connection lost

Rejoining the realm…

Still unreachable

The connection could not be restored.

Session expired

The server has moved on; the page needs a fresh start.